AoeStats
← sophia

Arena

510008175Analyzed
3v3 RM · 4d ago on Sep 29, 2026· 29m 23s· 6 players
Game mode
Random Map
Map size
Normal (6 player)
Population
200
Speed
Normal
Resources
Standard
Victory
Conquest
Starting age
Dark Age
Ending age
Imperial Age
RankedLock teamsTeams togetherTeam positionsShared explorationLock speedFull tech treeHidden civsTurbo modeCheats
Victory
Defeat
🇦🇷 Japanese · Argentina
576
+18
🇦🇷 Persians · Argentina
557
+18
🇦🇷 Cumans · Argentina
557
+18
🇺🇸 Ethiopians · United States
626
-19
🇹🇼 Teutons · Taiwan
612
-18
🇩🇪 Cumans · Germany
591
-17
Danilo98332
12:35 Feudal Age
25:10 Castle Age
25:17 Capped Ram
Khavy7047
11:16 Feudal Age
15:00 Man-at-Arms
26:34 Castle Age
Mannu5899
10:56 Feudal Age
11:12 Horse Collar
11:21 Double-Bit Axe
16:42 Wheelbarrow
17:12 Gold Mining
17:39 Stone Mining
22:51 Castle Age
22:15 Bloodlines
22:14 Scale Barding Armor
23:43 Chain Barding Armor
23:55 Husbandry
26:07 Forging
28:06 Hand Cart
yeray_pacheco
0:37 Loom
0:44 Loom
10:41 Feudal Age
11:27 Double-Bit Axe
13:11 Wheelbarrow
20:50 Castle Age
18:55 Stone Mining
18:58 Gold Mining
20:04 Town Watch
20:31 Horse Collar
20:47 Fletching
20:59 Scale Mail Armor
21:14 Crossbowman
22:17 Bow Saw
23:38 Padded Archer Armor
26:42 Murder Holes
27:09 Ballistics
sophia
0:27 Loom
9830099
12:31 Feudal Age
10:48 Loom
13:18 Town Watch
13:39 Double-Bit Axe
16:05 Horse Collar
18:02 Wheelbarrow
18:47 Gold Mining
18:51 Stone Mining
Connection lost

Rejoining the realm…

Still unreachable

The connection could not be restored.

Session expired

The server has moved on; the page needs a fresh start.